 Dungeon Crawl Stone Soup version 0.26-a0-651-gb41185065b (webtiles) character file.

Game seed: 17363240541324100251

4637 Flugslaktarn the Grappler (level 10, -5/147 HPs)
             Began as a Troll Fighter on Oct 27, 2020.
             Was a Believer of Ru.
             Slain by Erica
             ... wielding a +4 scimitar of flaming
              (9 damage)
             ... on level 9 of the Dungeon.
             The game lasted 00:04:40 (6524 turns).

Flugslaktarn the Grappler (Troll Fighter)           Turns: 6524, Time: 00:04:41

Health: -5/147     AC:  6    Str: 27    XL:     10   Next: 20%
Magic:  9/9        EV:  8    Int:  4    God:    Ru [**....]
Gold:   393        SH: 15    Dex: 11    Spells: 9/9 levels left

rFire    x . .     SeeInvis .     - Unarmed
rCold    x . .     Faith    +   y - +0 tower shield of Hide-and-Seek {rPois rCorr} (curse)
rNeg     . . .     Spirit   .   a - +0 robe
rPois    +         Reflect  .   (helmet restricted)
rElec    .         Harm     .   B - scarf {shadows}
rCorr    +         Rampage  .   (gloves unavailable)
MR       .....                  (boots unavailable)
Stlth    ..........             m - amulet of faith
HPRegen  0.74/turn              j - +4 ring of slaying
MPRegen  0.11/turn              (no ring)

@: berserking (expiring), lethally poisoned (-5 -> -5), slowed
A: large, unfitting armour, claws 3, regeneration 1, shaggy fur 1, tough skin 3,
temperature sensitive
a: Renounce Religion


You were on level 9 of the Dungeon.
You worshipped Ru.
Ru was pleased with you.
You visited 2 branches of the dungeon, and saw 10 of its levels.
You also visited: Sewer.

You collected 678 gold pieces.
You spent 285 gold pieces at shops.

Inventory:

Missiles
 v - a throwing net (quivered)
Armour
 a - a +0 robe (worn)
 b - a +1 kite shield
 y - the cursed +0 tower shield of Hide-and-Seek (worn) {rPois rCorr}
   (You bought it in a shop on level 9 of the Dungeon)

   It protects you from poison.
   It provides partial protection from all sources of acid and corrosion.
   It has a curse placed upon it.
 B - a scarf of shadows (worn)
   (You found it on level 7 of the Dungeon)
Jewellery
 j - a +4 ring of slaying (left claw)
   (You found it on level 7 of the Dungeon)
 m - an amulet of faith (around neck)
   (You found it on level 2 of the Dungeon)
 o - a +6 ring of strength {unknown}
   (You found it on level 8 of the Dungeon)
Wands
 x - a wand of acid (8)
   (You found it on level 6 of the Dungeon)
 E - a wand of iceblast (7)
   (You found it on level 8 of the Dungeon)
Scrolls
 c - a scroll of enchant weapon {unknown}
 i - a scroll of fog
 k - a scroll of holy word {unknown}
 l - a scroll of magic mapping
 n - a scroll of immolation
 r - a scroll of identify
 t - 2 scrolls of teleportation
 u - 2 scrolls of enchant armour
 z - a scroll of blinking
Potions
 d - a potion of might
 e - a potion of invisibility
 f - a potion of mutation
 h - a potion of haste
 p - a potion of lignification {unknown}
 q - 2 potions of curing
 s - 2 potions of flight
 w - a potion of heal wounds
 C - 8 potions of brilliance


   Skills:
 - Level 6.0 Fighting
 + Level 4.6 Dodging
 + Level 4.6 Shields
 * Level 11.6 Unarmed Combat


You had 9 spell levels left.
You didn't know any spells.
Your spell library was empty.

Dungeon Overview and Level Annotations

Branches:
Dungeon (9/15)             Temple (1/1) D:6            Lair (0/6) D:9
  Sewer (visited)
    Orc: D:9-12

Altars:
Dithmenos
Elyvilon
Fedhas
Gozag
Kikubaaqudgha
Okawaru
Qazlal
Ru
Sif Muna
Trog
Uskayaw
Vehumet
Wu Jian
Xom
Yredelemnul
The Shining One

Shops:
D:9 [

Annotations:
D:9 Erica


Innate Abilities, Weirdness & Mutations

You are too large for most types of armour.
You have claws for hands.
Your natural rate of healing is unusually fast.
You are covered in fur. (AC +1)
You have extremely tough skin. (AC +3)
You are sensitive to extremes of temperature. (rF-, rC-)


Message History

You block something's attack.
You closely miss something.
You feel sick.
The killer bee is stunned by your will and fails to attack.
You block the killer bee's attack.
You closely miss something. The killer bee stings you.
* * * LOW HITPOINT WARNING * * *
You block something's attack. The killer bee barely misses you.
You barely miss the killer bee.
You feel sick. You block the killer bee's attack. x2
You eviscerate the killer bee!!!
You kill the killer bee!
You block the killer bee's attack. Something hits you!
* * * LOW HITPOINT WARNING * * *
Something burns you.
* * * LOW HITPOINT WARNING * * *
Unknown command.
You closely miss the killer bee.
You feel sick. The killer bee barely misses you.
You block the killer bee's attack. Something hits you!
You die...

#.##..#
#.###.## #.#
#..# #. ##.#
##+### #.#
...... #.#
.....y #.#
......
#.#######......
#.KKhK{@yZ.....
##h######......
#.## ......
#K.# ......
.####K.# ......
..[...<.##
......
......#..#
......
......##h##
#.######..####


You could see 2 black bears, a big kobold, a killer bee, a hound zombie and 2
kobolds.

Vanquished Creatures
  Pikel (D:4)
  A meliai zombie (D:8)
  A wyvern (D:8)
  4 yaks (D:9)
  2 porcupines (D:9)
  A sky beast (D:5)
  A phantom (D:7)
  2 orc warriors
  2 black bears
  A necrophage (D:9)
  3 ogres
  A centaur (D:2)
  A lemure (D:5)
  5 bullfrogs
  2 scorpions
  4 killer bees (D:9)
  5 wights (D:7)
  2 howler monkeys
  2 bullfrog zombies
  A centaur zombie (D:7)
  6 orc priests
  A jelly (D:4)
  8 orc wizards
  Jessica (D:2)
  4 iguanas
  4 worker ants
  2 hound skeletons
  A worker ant zombie (D:7)
  4 gnolls (D:5)
  18 adders
  4 white imps
  An ufetubus (D:8)
  An ooze (D:1)
  A worm (D:3)
  2 dart slugs (D:1)
  8 leopard geckos
  35 orcs
  12 giant cockroaches
  12 goblins
  9 hobgoblins
  12 jackals
  10 kobolds
  5 quokkas
  4 ball pythons
  10 bats
  13 frilled lizards
  11 rats
241 creatures vanquished.

Vanquished Creatures (others)
  A human (D:5)
  A bullfrog (D:9)
  A killer bee (D:9)
  29 fungi (D:9)
  26 plants (D:9)
58 creatures vanquished.

Grand Total: 299 creatures vanquished

Notes
Turn   | Place    | Note
-------+----------+-------------------------------------------
     0 | D:1      | Flugslaktarn the Troll Fighter began the quest for the Orb.
     0 | D:1      | Reached XP level 1. HP: 22/22 MP: 0/0
    88 | D:1      | Reached XP level 2. HP: 25/29 MP: 1/1
   255 | D:1      | Reached skill level 3 in Unarmed Combat
   452 | D:1      | Reached XP level 3. HP: 36/36 MP: 2/2
   776 | D:2      | Noticed Jessica
   795 | D:2      | Killed Jessica
   817 | D:2      | Reached XP level 4. HP: 45/45 MP: 3/3
   864 | D:2      | Reached skill level 4 in Unarmed Combat
  1243 | D:2      | Noticed a centaur
  1251 | D:2      | Killed a centaur
  1251 | D:2      | Reached skill level 5 in Unarmed Combat
  1251 | D:2      | Reached XP level 5. HP: 22/53 MP: 4/4
  1449 | D:3      | Reached XP level 6. HP: 62/62 MP: 5/5
  1703 | D:3      | Found a glowing golden altar of the Shining One.
  1918 | D:4      | Reached skill level 6 in Unarmed Combat
  1996 | D:4      | Found a glowing drain.
  2026 | Sewer    | Entered a sewer
  2218 | Sewer    | Reached XP level 7. HP: 54/70 MP: 6/6
  2515 | D:5      | Entered Level 5 of the Dungeon
  2562 | D:3      | Found a radiant altar of Vehumet.
  2763 | D:5      | Reached skill level 7 in Unarmed Combat
  2838 | D:5      | Found an ancient bone altar of Kikubaaqudgha.
  2838 | D:5      | Noticed a human
  2840 | D:5      | Killed a human
  2871 | D:5      | Noticed Pikel
  3064 | D:4      | Killed Pikel
  3064 | D:4      | Reached skill level 5 in Fighting
  3064 | D:4      | Reached skill level 8 in Unarmed Combat
  3064 | D:4      | Reached XP level 8. HP: 56/80 MP: 7/7
  3408 | D:5      | Reached skill level 9 in Unarmed Combat
  3845 | D:6      | Found a staircase to the Ecumenical Temple.
  4045 | Temple   | Entered the Ecumenical Temple
  4069 | Temple   | Became a worshipper of Ru the Awakened
  4357 | D:6      | Found a shimmering altar of Xom.
  4357 | D:6      | Found a shimmering altar of Xom.
  4358 | D:6      | Found a shimmering altar of Xom.
  4358 | D:6      | Found a shimmering altar of Xom.
  4580 | D:7      | Found a shimmering blue altar of Sif Muna.
  4740 | D:7      | Reached XP level 9. HP: 89/89 MP: 8/8
  4861 | D:7      | Reached skill level 10 in Unarmed Combat
  5017 | D:7      | Gained mutation: You are sensitive to extremes of
                  | temperature. (rF-, rC-) [Ru sacrifice]
  5017 | D:7      | Reached * piety under Ru
  5017 | D:7      | Reached ** piety under Ru
  5888 | D:8      | Reached skill level 11 in Unarmed Combat
  6407 | D:9      | Found Uckugep's Antique Armour Emporium.
  6414 | D:9      | Bought a shimmering tower shield for 285 gold pieces
  6424 | D:9      | Identified the cursed +0 tower shield of Hide-and-Seek
                  | {rPois rCorr} (You bought it in a shop on level 9 of the
                  | Dungeon)
  6442 | D:9      | Reached XP level 10. HP: 98/98 MP: 9/9
  6484 | D:9      | Noticed Erica
  6487 | D:9      | Found a staircase to the Lair.
  6523 | D:9      | HP: 4/147 [something (6)]
  6524 | D:9      | Slain by Erica

Illustrated notes

Levels and vault maps discovered:
D:1:      noname_arrival_rooms_in_the_neighbourhood, layout_basic
D:2:      layout_basic, uniq_jessica
D:3:      lemuel_upstairs_altar, layout_rooms, tso_altar
D:4:      layout_gridville, portal_sewer_entry_f,
          corexii_item_surrounded_by_moat
D:5:      layout_layer_cave, tgw_kikubaaqudgha, uniq_pikel
D:6:      layout_loops_ring, minmay_temple_entry_statues_pillars,
          xom_redecorated
D:7:      layout_loops_ring, led_sif_pool
D:8:      layout_loops_ring
D:9:      layout_basic, cheibrodos_worm_habitat, due_lair_maze_entry_diamond,
          orc_0_dummy, serial_shops, shop, uniq_erica
Temple:   nicolae_temple_the_god_donut

Skill      XL: |  1  2  3  4  5  6  7  8  9 |
---------------+----------------------------+-----
Unarmed Combat | 3 5 6 8 9 11 | 11.6
Fighting       | 3 4 5 6 |  6.0
Dodging        | 4 |  4.6
Shields        | 4 |  4.6

Action                   |  1- 3 |  4- 6 |  7- 9 | 10-12 || total
-------------------------+-------+-------+-------+-------++-------
Melee: Unarmed           |    94 |   227 |   330 |    41 ||   692
Invok: Sacrifice Resista |       |       |     1 |       ||     1
  Use: Scroll            |       |       |    21 |       ||    21
       Potion            |       |       |       |     2 ||     2
 Stab: Sleeping          |       |     1 |     2 |       ||     3
Armor: Robe              |    43 |    75 |    67 |     8 ||   193
Dodge: Dodged            |    38 |    80 |    66 |     6 ||   190
Block: Kite shield       |    55 |   105 |   136 |       ||   296
       Tower shield      |       |       |       |    52 ||    52

Table legend: (Time is in decaauts)
 A = Elapsed time spent in this place.
 B = Non-inter-level travel time spent in this place.
 C = Inter-level travel time spent in this place.
 D = Time resting spent in this place.
 E = Time spent auto-exploring this place.
 F = Levels seen in this place.
 G = Mean time per level.
                   A        B        C        D        E       F      G
               +--------+--------+--------+--------+--------+-----+--------+
         Total |   6554 |   6159 |    395 |     82 |   4563 |  11 |  595.8 |
       Dungeon |   6277 |   5894 |    383 |     82 |   4481 |   9 |  697.4 |
        Temple |     36 |     25 |     11 |      0 |     15 |   1 |   36.0 |
         Sewer |    241 |    241 |      0 |      0 |     67 |   1 |  241.0 |
               +--------+--------+--------+--------+--------+-----+--------+

Top non-repeatable levels by time:
     D:5: 1049 daAuts
     D:7: 1012 daAuts
     D:8: 811 daAuts
     D:1: 769 daAuts
     D:3: 648 daAuts
     D:6: 629 daAuts
     D:4: 623 daAuts
     D:2: 557 daAuts
   Sewer: 241 daAuts
     D:9: 176 daAuts
  Temple: 36 daAuts
